 Dungeon Crawl Stone Soup version 0.28.0 (webtiles) character file.

Game seed: 2662673965619677137

2620 pkoi the Destroyer (level 9, -11/62 HPs)
             Began as a Purple Draconian Conjurer on Feb 16, 2022.
             Was a Follower of Sif Muna.
             Mangled by an orc warrior (18 damage)
             ... on level 6 of the Dungeon.
             The game lasted 00:11:29 (11467 turns).

pkoi the Destroyer (Purple Draconian Conjurer)     Turns: 11467, Time: 00:11:29

Health: -11/62     AC: 13    Str:  9    XL:     9   Next: 34%
Magic:  1/16       EV: 11    Int: 22    God:    Sif Muna [*.....]
Gold:   284        SH:  6    Dex: 11    Spells: 4/18 levels left

rFire   . . .      SeeInvis .   n - +1 club (spect)
rCold   . . .      Faith    .   u - +2 buckler
rNeg    . . .      Spirit   .   (armour unavailable)
rPois   .          Reflect  .   (helmet restricted)
rElec   .          Harm     .   t - +1 cloak
rCorr   .          Rampage  .   (no gloves)
Will    +....                   (no boots)
Stlth   ++........              (no amulet)
HPRegen 0.20/turn               j - +4 ring of protection
MPRegen 0.15/turn               e - ring of flight

@: flying
A: breathe power, AC +7, unfitting armour, cold-blooded
a: Breathe Dispelling Energy, Renounce Religion, Channel Magic


You were on level 6 of the Dungeon.
You worshipped Sif Muna.
Sif Muna was aware of your devotion.
You visited 2 branches of the dungeon, and saw 7 of its levels.

You collected 284 gold pieces.

Inventory:

Hand Weapons
 b - a +0 dagger
 l - a +1 dagger of draining
 n - a +1 spectral club (weapon)
Missiles
 p - a throwing net
Armour
 t - a +1 cloak (worn)
 u - a +2 buckler (worn)
Jewellery
 e - a ring of flight (right hand)
 i - a ring of ice
 j - a +4 ring of protection (left hand)
Wands
 f - a wand of digging (2)
 k - a wand of flame (9)
 v - a wand of iceblast (10)
 y - a wand of acid (3)
Scrolls
 a - 8 scrolls of teleportation {unknown}
 o - 2 scrolls of blinking
 q - a scroll of enchant armour
Potions
 c - a potion of berserk rage {unknown}
 d - a potion of magic {unknown}
 m - a potion of flight {unknown}
 s - a potion of ambrosia
 w - a potion of heal wounds {unknown}
 z - a potion of haste {unknown}
 A - a potion of brilliance {unknown}
 B - a potion of degeneration {unknown}
 C - a potion of curing


   Skills:
 - Level 1.7 Dodging
 - Level 1.7 Stealth
 + Level 2.1 Shields
 - Level 5.0 Spellcasting
 + Level 9.3 Conjurations
 - Level 7.1 Hexes
 + Level 2.1 Translocations
 + Level 4.0 Invocations
 + Level 2.0 Evocations


You had 4 spell levels left.
You knew the following spells:

 Your Spells              Type           Power      Damage    Failure   Level
a - Magic Dart            Conj           100%       1d8       1%          1
b - Searing Ray           Conj           92%        2d7       1%          2
c - Dazzling Flash        Conj/Hex       82%        N/A       1%          3
d - Iskenderun's Mystic   Conj/Tloc      30%        2d8       12%         4
e - Fulminant Prism       Conj/Hex       20%        3d13      4%          4

Your spell library contained the following spells:

 Spells                   Type           Power      Damage    Failure   Level
 Animate Skeleton         Necr           10%        N/A       13%         1
 Pain                     Necr           20%        1d5       13%         1
 Gell's Gravitas          Tloc           15%        N/A       16%         3
 Lesser Beckoning         Tloc           15%        N/A       16%         3
 Teleport Other           Tloc           15%        N/A       16%         3
 Vampiric Draining        Necr           5%         2d6       36%         3


Dungeon Overview and Level Annotations

Branches:
Dungeon (6/15)             Temple (1/1) D:4

Altars:
Cheibriados
Dithmenos
Elyvilon
Fedhas
Gozag
Kikubaaqudgha
Makhleb
Okawaru
Qazlal
Ru
Sif Muna
Trog
Uskayaw
Vehumet
Wu Jian
Xom
Yredelemnul
Zin
The Shining One


Innate Abilities, Weirdness & Mutations

You can breathe bolts of dispelling energy.
Your rich purple scales are hard. (AC +7)
You cannot fit into any form of body armour.
You are cold-blooded and may be slowed by cold attacks.


Message History

The orc wizard is almost dead.
You finish channelling your searing ray.
The orc warrior hits you with a +0 scimitar.
* * * LOW HITPOINT WARNING * * *
Casting: Searing Ray (safe; 1% risk of failure)
Confirm with . or Enter, or press ? or * to list all spells.
Aiming: Searing Ray (safe; 1% risk of failure)
Press: ? - help, Shift-Dir - straight line, f/p - orc warrior
Aim: an orc warrior, wielding a +0 scimitar, wearing a +0 plate armour and quivering stones (heavily wounded, 82% to hit)
The searing ray hits the orc warrior.
The orc warrior is severely wounded.
The searing ray hits the orc wizard.
You kill the orc wizard!
Sif Muna accepts your kill. (Press . to maintain the ray.)
You block the orc warrior's attack.
The searing ray hits the orc warrior.
The orc warrior is almost dead.
The orc warrior hits you with a +0 scimitar!
* * * LOW HITPOINT WARNING * * *
The searing ray hits the orc warrior but does no damage.
The orc warrior is almost dead.
The orc warrior hits you with a +0 scimitar!!
* * * LOW HITPOINT WARNING * * *
The searing ray hits the orc warrior but does no damage.
The orc warrior is almost dead.
You finish channelling your searing ray.
The orc warrior hits you with a +0 scimitar.
* * * LOW HITPOINT WARNING * * *
Unknown command.
Casting: Searing Ray (safe; 1% risk of failure)
Confirm with . or Enter, or press ? or * to list all spells.
You don't have enough magic to cast this spell.
Unknown command.
Unknown command.
Casting: Searing Ray (safe; 1% risk of failure)
Confirm with . or Enter, or press ? or * to list all spells.
You don't have enough magic to cast this spell.
The orc warrior hits you with a +0 scimitar!!
You die...

### #.# #.# #@# #o#
########### #.#
#.........# #)#
#.#######.# ###.##
##.## #.#
#....####...######.#
##......[........##.#
#.......##...###.##.#
#.......###.####.##.#


You could see an orc warrior.

Vanquished Creatures
  Grinder (D:4)
  Sigmund (D:5)
  Menkaure (D:4)
  2 water moccasins (D:5)
  A black bear (D:4)
  A necrophage (D:4)
  3 ogres
  A kobold brigand (D:5)
  A phantom (D:4)
  A scorpion (D:5)
  2 howler monkeys (D:4)
  6 orc priests
  10 hounds
  2 jellies
  Crazy Yiuf (D:4)
  2 gnoll shamans (D:4)
  2 iguanas
  A scorpion zombie (D:3)
  Ijyb (D:3)
  3 orc wizards
  A hound skeleton (D:4)
  9 adders
  20 gnolls
  An ufetubus (D:5)
  3 dart slugs (D:1)
  32 orcs
  6 endoplasms
  2 giant cockroaches
  3 goblins (D:1)
  9 hobgoblins
  12 jackals
  3 quokkas
  12 ball pythons
  A ball python zombie (D:3)
  3 bats
  2 frilled lizards (D:3)
  A giant cockroach zombie (D:3)
  10 kobolds
  9 rats
182 creatures vanquished.

Vanquished Creatures (others)
  5 plants (D:4)
5 creatures vanquished.

Grand Total: 187 creatures vanquished

Notes
Turn   | Place    | Note
-------+----------+-------------------------------------------
     0 | D:1      | pkoi the Draconian Conjurer began the quest for the Orb.
     0 | D:1      | Reached XP level 1. HP: 14/14 MP: 3/3
   573 | D:1      | Reached XP level 2. HP: 20/20 MP: 0/5
   976 | D:1      | Found a faded altar of an unknown god.
  1055 | D:1      | Learned a level 2 spell: Searing Ray
  1519 | D:1      | Reached skill level 5 in Conjurations
  1560 | D:1      | Reached XP level 3. HP: 26/26 MP: 2/6
  1656 | D:1      | Learned a level 3 spell: Dazzling Flash
  2454 | D:2      | Reached skill level 1 in Hexes
  2459 | D:1      | Reached XP level 4. HP: 26/33 MP: 1/7
  3370 | D:2      | Reached XP level 5. HP: 30/38 MP: 3/8
  4108 | D:3      | Noticed Ijyb
  4136 | D:3      | Killed Ijyb
  4318 | D:3      | Found a basalt altar of Yredelemnul.
  4997 | D:3      | Reached skill level 6 in Conjurations
  5065 | D:3      | Reached XP level 6. HP: 23/45 MP: 4/10
  5498 | D:4      | Noticed Grinder
  5500 | D:4      | Paralysed by Grinder for 5 turns
  5512 | D:4      | Killed Grinder
  5513 | D:4      | Your scales start taking on a rich purple colour.
  5513 | D:4      | Reached XP level 7. HP: 41/50 MP: 2/13
  6286 | D:4      | Reached skill level 7 in Conjurations
  6306 | D:4      | Reached skill level 5 in Hexes
  6732 | D:4      | Reached skill level 5 in Spellcasting
  6763 | D:4      | Reached XP level 8. HP: 30/57 MP: 2/15
  7516 | D:4      | Reached skill level 8 in Conjurations
  8062 | D:4      | Found a runed translucent door.
  8062 | D:4      | Noticed Menkaure
  8067 | D:4      | Killed Menkaure
  8227 | D:4      | Noticed Crazy Yiuf
  8305 | D:4      | Found a staircase to the Ecumenical Temple.
  8313 | Temple   | Entered the Ecumenical Temple
  8431 | Temple   | Became a worshipper of Sif Muna the Loreminder
  8613 | D:4      | Reached skill level 1 in Invocations
  8981 | D:4      | Killed Crazy Yiuf
  9080 | D:5      | Entered Level 5 of the Dungeon
  9235 | D:5      | Reached skill level 9 in Conjurations
  9283 | D:5      | Learned a level 4 spell: Iskenderun's Mystic Blast
  9288 | D:5      | Learned a level 4 spell: Fulminant Prism
  9344 | D:5      | Reached XP level 9. HP: 43/62 MP: 7/16
  9726 | D:5      | Reached skill level 1 in Translocations
  9791 | D:5      | Reached skill level 1 in Shields
 10079 | D:5      | Reached skill level 1 in Evocations
 10404 | D:5      | Noticed Sigmund
 10417 | D:5      | Killed Sigmund
 10970 | D:6      | Reached * piety under Sif Muna
 11467 | D:6      | Mangled by an orc warrior

Illustrated notes

Levels and vault maps discovered:
D:1:      dpeg_arrival_lava_altar, layout_rooms,
          ebering_ecumenical_altar_sacrificial, serial_co_window_serial,
          co_window_paths_a, co_window_corner_a, co_window_corner_a,
          co_window_paths_b, co_window_paths_a, co_window_corner_b,
          co_window_of_opportunity_b, co_window_2corner, co_window_4corner_b,
          glass_columns_a, glass_columns_a
D:2:      layout_loops_ring, minmay_rat_gold_closets
D:3:      layout_basic, nicolae_yredelemnul_corpse_copse, uniq_ijyb
D:4:      lemuel_castle_with_subvaults [lemuel_castle_interior_carwin_2],
          layout_loops_ring, minmay_temple_entry_statues_pillars,
          kennysheep_opposing_triangles, uniq_crazy_yiuf_cottage, uniq_menkaure,
          uniq_grinder
D:5:      layout_rooms, uniq_sigmund
D:6:      layout_loops_ring, worldfamousw_hep_ancestral_shrine
Temple:   mainiacjoe_temple_coin_purse

Skill      XL: |  1  2  3  4  5  6  7  8  9 |
---------------+----------------------------+-----
Conjurations   | 5 6 7 9 |  9.3
Hexes          | 1 2 4 5 7 |  7.1
Spellcasting   | 4 5 |  5.0
Invocations    | 3 4 |  4.0
Translocations | 2 |  2.1
Shields        | 2 |  2.1
Evocations     | 2 |  2.0
Dodging        | |  1.7
Stealth        | |  1.7

Action                   |  1- 3 |  4- 6 |  7- 9 || total
-------------------------+-------+-------+-------++-------
Melee: Unarmed           |    23 |       |       ||    23
       Tailslap          |     2 |     7 |     8 ||    17
       Dagger            |     8 |    26 |       ||    34
       Club              |       |    11 |    84 ||    95
       Punch             |       |       |     1 ||     1
 Cast: Magic Dart        |    63 |    69 |   145 ||   277
       Searing Ray       |     2 |     9 |    38 ||    49
  Use: Scroll            |       |       |     7 ||     7
 Stab: Sleeping          |       |     1 |       ||     1
Armor: Skin              |    13 |    29 |    67 ||   109
Dodge: Dodged            |    30 |    48 |    95 ||   173
Block: Buckler           |       |       |     6 ||     6
